 Dungeon Crawl Stone Soup version 0.18-a0-1312-gf98331d (webtiles) character file.

80 Duffy the Ruffian (level 4, -2/38 HPs)
             Began as a Ghoul Fighter on Feb 14, 2016.
             Shot with an arrow by a centaur (6 damage)
             ... on level 3 of the Dungeon.
             The game lasted 00:01:42 (1664 turns).

Duffy the Ruffian (Ghoul Fighter)                   Turns: 1664, Time: 00:01:43

Health: -2/38      AC:  7    Str: 19    XL:     4   Next: 39%
Magic:  3/3        EV:  9    Int:  3    God:
Gold:   91         SH:  0    Dex:  9    Spells: 0 memorised, 3 levels left

rFire  + . .     SeeInvis .       - Unarmed
rCold  . . .     Gourm    .     a - +0 scale mail
rNeg   + + +     Faith    .     (no shield)
rPois  ∞         Spirit   .     u - +0 helmet
rElec  .         Dismiss  .     (no cloak)
rCorr  .         Reflect  .     (no gloves)
SustAt .         Harm     .     (no boots)
MR     .....                    (no amulet)
Stlth  ..........               m - ring of flight
                                l - ring of fire

@: rotting, not resistant to hostile enchantments, extremely unstealthy
A: rotting body, claws 1, carnivore 3, cold resistance 1, negative energy
resistance 3, slow regeneration 1, torment resistance, unbreathing
a: Evoke Flight


You were on level 3 of the Dungeon.
You were not hungry.

You visited 1 branch of the dungeon, and saw 3 of its levels.

You collected 91 gold pieces.


Innate Abilities, Weirdness & Mutations

Your body is rotting away.
You thrive on raw meat.
You are immune to poison.
You have sharp fingernails.
You are carnivorous and can eat meat at any time.
Your flesh is cold resistant.
You are immune to negative energy.
You regenerate slowly when monsters are visible.
You are immune to unholy pain and torment.
You can survive without breathing.


   Skills:
 - Level 3.2 Fighting
 - Level 2.6 Armour
 - Level 2.6 Shields
 + Level 5.0 Unarmed Combat


You had 3 spell levels left.
You didn't know any spells.

Inventory:

Missiles
 v - 19 poisoned needles
Armour
 a - a +0 scale mail (worn)
 b - a +0 shield
 u - a +0 helmet (worn)
Jewellery
 l - a ring of fire (left claw)
 m - a ring of flight (right claw)
 w - an uncursed amulet of dismissal
Scrolls
 e - a scroll of fog {unknown}
 g - 2 scrolls of identify {unknown}
 h - 2 scrolls of remove curse {unknown}
 i - 2 scrolls of recharging {unknown}
 j - a scroll of immolation {unknown}
 q - a scroll of noise {unknown}
 r - a scroll of amnesia {unknown}
Potions
 c - 2 potions of might
 f - a potion of curing {unknown}
 k - a potion of berserk rage {unknown}
 n - a potion of brilliance {unknown}
 o - a potion of lignification {unknown}
 p - a potion of cancellation {unknown}
 t - a potion of magic {unknown}
Comestibles
 d - a meat ration
 s - a slice of pizza

Dungeon Overview and Level Annotations

Branches:
Dungeon (3/15)

Altars:
Gozag


Message History

You claw the kobold!
You kill the kobold!
The centaur shoots an arrow.
The arrow hits you! The hobgoblin closely misses you.
The centaur shoots an arrow.
The arrow closely misses you.
You scratch the hobgoblin.
The hobgoblin is heavily wounded.
The centaur shoots an arrow.
The arrow misses you.
The hobgoblin hits you but does no damage.
You scratch the hobgoblin.
You kill the hobgoblin!
Your Unarmed Combat skill increases to level 5!
The centaur shoots an arrow.
The arrow hits you. The orc hits you but does no damage.
You scratch the orc but do no damage. The orc hits you but does no damage.
You scratch the orc.
The orc is lightly wounded.
The centaur shoots an arrow.
The arrow hits you!
The centaur shoots an arrow.
The arrow hits you. The orc closely misses you.
You are too injured to fight recklessly!
You are too injured to fight recklessly!
You are too injured to fight recklessly!
You are too injured to fight recklessly!
You are too injured to fight recklessly!
You are too injured to fight recklessly!
You are too injured to fight recklessly!
You are too injured to fight recklessly!
The orc hits you with a mace.
The centaur shoots an arrow.
The arrow closely misses you.
The centaur shoots an arrow.
The arrow hits you! The orc hits you but does no damage.
An orc comes into view. It is wielding a club.
You see here 3 arrows.
The centaur shoots an arrow.
The arrow hits you.
You die...

##>o.## ##.....##
#.......#
#.......##
#........#|.
#.o...#.#..
##.o).......
#((o(...c...
####@..%.....#.
#......%.........
#.##.##%.......#.
###.............
...
#.....###.....$.
#.#
###.###....#...?
._.
#.#.....#.......
###.#
#...............
$...
#..###.......#.#


You could see a centaur and 3 orcs.

Action                   |  1- 3 |  4- 6 || total
-------------------------+-------+-------++-------
Melee: Unarmed           |    88 |    34 ||   122
  Eat: Chunk             |    16 |       ||    16

Notes
Turn   | Place    | Note
--------------------------------------------------------------
     0 | D:1      | Duffy the Ghoul Fighter began the quest for the Orb.
     0 | D:1      | Reached XP level 1. HP: 19/19 MP: 0/0
   276 | D:1      | Reached skill level 3 in Unarmed Combat
   276 | D:1      | Reached XP level 2. HP: 21/26 MP: 1/1
   713 | D:1      | Reached XP level 3. HP: 28/31 MP: 2/2
  1014 | D:2      | Reached skill level 4 in Unarmed Combat
  1508 | D:3      | Reached XP level 4. HP: 33/38 MP: 3/3
  1610 | D:3      | Found an opulent altar of Gozag.
  1654 | D:3      | Noticed a centaur
  1659 | D:3      | Reached skill level 5 in Unarmed Combat
  1664 | D:3      | Shot with an arrow by a centaur

Vault maps used:
D:1:      minmay_arrival_checkered_box, dk_noncrumbling_4,
          kennysheep_another_room, minmay_misc_feat_more_columns
D:2:      first_bread, minmay_misc_feat_cross
D:3:      nicolae_gozag_cash_rules_everything_around_me

Vanquished Creatures
  A gnoll
  3 adders
  An ooze
  2 ball pythons
  4 hobgoblins
  5 bats
  A giant newt
  9 goblins
  7 kobolds
  5 rats
38 creatures vanquished.
